Match 46836289
Unlisted

Match 46836289
End
Vickers Machine Gun Team
Construct Section Command Post
Selects Air and Sea Battlegroup
Infantry Section
Infantry Section
Infantry Section
Grenade Package
Construct Platoon Command Post
Infantry Training
CMP 15cwt Truck
6-pounder Anti-tank Gun Team
Selects Commando Section Paradrop
Selects M1 Pack Howitzer Paradrop
Commando Section Paradrop
Construct Company Command Post
Unlock M3 Grant Medium Tanks
M1 Pack Howitzer Paradrop
Selects Anti-tank Rocket Loiter
M3 Grant Medium Tank
Anti-tank Rocket Loiter
M3 Grant Medium Tank
Armored Vehicle Training
Royal Engineer Section
Archi [★★★]
Panda Le GaY's
Skryme
drinu019
Cohpe?
Harry Cohper
0
0

Comments sign in to comment!

No comments posted yet!